 Dungeon Crawl Stone Soup version 0.31.0-32-g396128a36d (webtiles) character file.

Game seed: 6236935555714813194

42 gohu the Magician (level 3, -1/25 HPs)
             Began as a Djinni Fire Elementalist on Mar 8, 2024.
             Slain by Terence
             ... wielding a +0 antimagic hand axe
              (5 damage)
             ... on level 2 of the Dungeon.
             The game lasted 00:01:12 (1248 turns).

gohu the Magician (Djinni Fire Elementalist)        Turns: 1248, Time: 00:01:13

Health: -1/25      AC:  2    Str:  7    XL:     3   Next: 80%
Gold:   80         EV: 12    Int: 18    God:
                   SH:  0    Dex: 13

rFire   + + .        (no weapon)
rCold   x . .        (no shield)
rNeg    . . .        a - +0 robe
rPois   ∞            (no helmet)
rElec   .            (no cloak)
rCorr   .            (no gloves)
SInv    .            (boots unavailable)
Will    .....        (no amulet)
Stlth   ++           (no ring)
HPRegen 0.24/turn    (no ring)
MPRegen 0.00/turn

%: infuse magic (-2 HP)
@: flying
A: sickness immunity, fire resistance 2, cold vulnerability 1, float, innate
caster, HP casting, extra vitality 1
a: no special abilities


You were on level 2 of the Dungeon.
You visited 1 branch of the dungeon, and saw 2 of its levels.

You collected 80 gold pieces.

Inventory:

Armour
 a - a +0 robe (worn)
 g - a +0 kite shield
Scrolls
 b - 2 scrolls of amnesia {unknown}
 d - a scroll of teleportation {unknown}
 h - a scroll of enchant weapon {unknown}
 i - a scroll of identify {unknown}
 j - a scroll of vulnerability {unknown}
Potions
 c - 3 potions of curing {unknown}
 e - a potion of might {unknown}
 f - a potion of heal wounds {unknown}
 k - a potion of enlightenment {unknown}


   Skills:
 - Level 2.1 Dodging
 - Level 1.5 Stealth
 * Level 4.0 Spellcasting
 * Level 4.0 Conjurations
 * Level 4.0 Hexes
   Level 0.0 Charms
 * Level 4.0 Summonings
 * Level 4.0 Necromancy
 * Level 4.0 Translocations
   Level 0.0 Transmutations
 * Level 4.0 Fire Magic
 * Level 4.0 Ice Magic
 * Level 4.0 Air Magic
 * Level 4.0 Earth Magic
 * Level 4.0 Alchemy


You knew the following spells:

 Your Spells              Type           Power      Damage    Failure   Level
a - Foxfire               Conj/Fire      72%        2x1d7     2%          1
b - Scorch                Fire           36%        2d6       4%          2
c - Volatile Blastmotes   Fire/Tloc      36%        2d13      9%          3
d - Inner Flame           Hex/Fire       18%        N/A       9%          3
e - Flame Wave            Conj/Fire      18%        2d7       26%         4
f - Shock                 Conj/Air       72%        1d7       2%          1
Your spell library was empty.

Dungeon Overview and Level Annotations

Branches:
Dungeon (2/15)

Altars:
Cheibriados

Annotations:
D:2 Terence


Innate Abilities, Weirdness & Mutations

You are immune to sickness and miasma.
You are immune to poison.
Your flesh is very heat resistant. (rF++)
You are vulnerable to cold. (rC-)
You float through the air rather than walking.
You learn spells naturally, not from books.
Your magical power is your life essence.
You have superior vitality. (+4 MHP)


Message History

Your foxfire dissipates! x2
Found a mace.
Things that are here:
a +0 dagger; a goblin corpse
Casting: Foxfire (safe; 2% risk of failure)
Confirm with . or Enter, or press ? or * to list all spells.
You conjure some foxfire!
Your foxfire dissipates!
Your foxfire dissipates!
k - a silvery potion Terence the Incautious comes into view.
He is wielding a +0 antimagic hand axe.
Terence shouts!
Casting: Foxfire (safe; 2% risk of failure)
Confirm with . or Enter, or press ? or * to list all spells.
You conjure some foxfire!
The foxfire hits Terence but does no damage.
The foxfire hits Terence.
Terence is lightly wounded.
Casting: Foxfire (safe; 2% risk of failure)
Confirm with . or Enter, or press ? or * to list all spells.
Flames lash Terence.
Terence is lightly wounded.
Terence's fire resistance burns away.
A quokka comes into view.
Casting: Scorch (safe; 4% risk of failure)
Confirm with . or Enter, or press ? or * to list all spells.
Flames lash Terence.
Terence is burned terribly!
Terence is heavily wounded.
A giant cockroach comes into view.
Terence hits you with a +0 antimagic hand axe.
Terence hits you with a +0 antimagic hand axe.
Casting: Scorch (safe; 4% risk of failure)
Confirm with . or Enter, or press ? or * to list all spells.
Flames lash the quokka.
You kill the quokka!
Terence hits you with a +0 antimagic hand axe.
* * * LOW HITPOINT WARNING * * *
Terence hits you with a +0 antimagic hand axe.
You die...
Terence says, "Rest in peace."

.....###.## .....# #..##
.....# ##..# ######
##.### ##########...#
...........#.#### .
...........#....## ...
...........####..##.....
...........# ##@@B†..#
.†..)......# #####..#
...).......# #
...........#
############


You could see Terence (combustible) and a giant cockroach.

Vanquished Creatures
  An adder (D:2)
  A dart slug (D:1)
  3 bats
  3 endoplasms
  2 giant cockroaches (D:1)
  2 goblins (D:2)
  2 hobgoblins
  4 jackals
  A kobold (D:1)
  2 quokkas
  A ball python (D:1)
  2 frilled lizards (D:1)
  2 rats (D:1)
26 creatures vanquished.

Vanquished Creatures (others)
  112 foxfires
112 creatures vanquished.

Grand Total: 138 creatures vanquished

Notes
Turn   | Place    | Note
-------+----------+-------------------------------------------
     0 | D:1      | gohu the Djinni Fire Elementalist began the quest for the
                  | Orb.
     0 | D:1      | gohu set off with the following spells memorised: Foxfire,
                  | Scorch, Volatile Blastmotes, Inner Flame, Flame Wave.
     0 | D:1      | Reached XP level 1. HP: 15/15 MP: 0/0
   451 | D:1      | Reached XP level 2. HP: 19/21 MP: 0/0
   983 | D:1      | Reached XP level 3. HP: 16/25 MP: 0/0
   983 | D:1      | Learned a level 1 spell: Shock
  1116 | D:2      | Found a snail-covered altar of Cheibriados.
  1240 | D:2      | Noticed Terence
  1248 | D:2      | Slain by Terence

Illustrated notes

Levels and vault maps discovered:
D:1:      dpeg_arrival_arbitrary_c, layout_loops_corners
D:2:      layout_basic, basic_altar, kennysheep_generic_room_7, uniq_terence,
          uniq_jessica, uniq_crazy_yiuf_cottage

Skill      XL: |  1  2  3 |
---------------+----------+-----
Spellcasting   | 4 |  4.0
Conjurations   | 4 |  4.0
Hexes          | 4 |  4.0
Summonings     | 4 |  4.0
Necromancy     | 4 |  4.0
Translocations | 4 |  4.0
Fire Magic     | 4 |  4.0
Ice Magic      | 4 |  4.0
Air Magic      | 4 |  4.0
Earth Magic    | 4 |  4.0
Alchemy        | 4 |  4.0
Dodging        | |  2.1
Stealth        | |  1.5

Action                     || total
---------------------------++-------
   Cast: Foxfire           ||    70
         Scorch            ||     5
 Armour: Robe              ||    12
  Dodge: Dodged            ||     6
